 Dungeon Crawl Stone Soup version 0.24.0-1-gfbc8707 (webtiles) character file.

Game seed: 4345592053048933296, levelgen mode: deterministic

61 Minkie the Ruffian (level 3, -1/36 HPs)
             Began as a Troll Monk on Nov 10, 2019.
             Slain by a black bear (3 damage)
             ... on level 3 of the Dungeon.
             The game lasted 00:03:49 (1456 turns).

Minkie the Ruffian (Troll Monk)                     Turns: 1456, Time: 00:03:51

Health: -1/36      AC:  6    Str: 20    XL:     3   Next: 83%
Magic:  2/2        EV: 11    Int:  6    God:
Gold:   96         SH:  0    Dex: 12    Spells: 2/2 levels left

rFire    . . .     SeeInvis .     - Unarmed
rCold    . . .     Gourm    +   (no shield)
rNeg     . . .     Faith    .   a - +0 robe
rPois    .         Spirit   .   (helmet restricted)
rElec    .         Reflect  .   (no cloak)
rCorr    .         Harm     .   (gloves unavailable)
MR       .....                  (boots unavailable)
Stlth    ++........             (no amulet)
HPRegen  0.52/turn              (no ring)
MPRegen  0.08/turn              (no ring)

@: no status effects
A: large, unfitting armour, claws 3, fast metabolism 3, gourmand, regeneration
1, shaggy fur 1, tough skin 3
a: no special abilities


You were on level 3 of the Dungeon.
You were not hungry.

You visited 1 branch of the dungeon, and saw 3 of its levels.

You collected 96 gold pieces.

Inventory:

Armour
 a - a +0 robe (worn)
Jewellery
 h - a cursed -2 ring of dexterity {unknown}
 j - an uncursed ring of protection from magic {unknown}
 l - an uncursed ring of flight {unknown}
Scrolls
 g - a scroll of identify {unknown}
 i - 3 scrolls of teleportation {unknown}
 k - a scroll of fear {unknown}
Potions
 c - a potion of haste {unknown}
 d - a potion of mutation {unknown}
 e - a potion of heal wounds {unknown}
 f - a potion of berserk rage {unknown}
Comestibles
 b - 8 rations


   Skills:
 + Level 2.8 Fighting
 + Level 3.0 Dodging
 + Level 1.2 Stealth
 + Level 3.6 Unarmed Combat


You had 2 spell levels left.
You didn't know any spells.
Your spell library was empty.

Dungeon Overview and Level Annotations

Branches:
Dungeon (3/15)

Altars:


Innate Abilities, Weirdness & Mutations

You are too large for most types of armour.
You have claws for hands.
Your metabolism is lightning-fast.
You like to eat raw meat.
Your natural rate of healing is unusually fast.
You are covered in fur. (AC +1)
You have extremely tough skin. (AC +3)


Message History

You closely miss the black bear.
The black bear is almost dead.
The black bear bites you. The black bear closely misses you.
The black bear claws you but does no damage.
The black bear bites you but does no damage.
The black bear claws you. The black bear barely misses you.
You barely miss the black bear.
The black bear is almost dead.
The black bear bites you! The black bear claws you.
The black bear barely misses you.
You are too injured to fight recklessly!
You are too injured to fight recklessly!
You barely miss the black bear.
The black bear is almost dead.
The black bear bites you.
* * * LOW HITPOINT WARNING * * *
The black bear closely misses you. x2; The black bear bites you.
* * * LOW HITPOINT WARNING * * *
The black bear claws you.
You die...

.#...# # .....##.#
.. #. ##
#...##..##.#
##.##.###...........
..........<.##.....
. ...............
...
#........##.###....
#...###S<..........
#...@hhh.).........
#..h###g.##).#.....
#........##..S.....
#..####..##..#.....
#.. .............
#.. ##..##..#.....
#. #............ #.
#..###.# ....


You could see a black bear (berserk), a gnoll, 3 jackals and a ball python.

Vanquished Creatures
  An adder (D:2)
  A dart slug (D:2)
  4 worms (D:2)
  A leopard gecko (D:1)
  6 bats
  2 giant cockroaches (D:2)
  7 goblins
  2 hobgoblins
  6 jackals
  2 kobolds (D:1)
  2 frilled lizards (D:2)
  3 rats (D:1)
37 creatures vanquished.

Notes
Turn   | Place    | Note
-------+----------+-------------------------------------------
     0 | D:1      | Minkie the Troll Monk began the quest for the Orb.
     0 | D:1      | Reached XP level 1. HP: 22/22 MP: 0/0
   182 | D:1      | Reached XP level 2. HP: 29/29 MP: 1/1
   774 | D:2      | Reached XP level 3. HP: 36/36 MP: 2/2
  1439 | D:3      | Noticed a black bear
  1456 | D:3      | Slain by a black bear

Levels and vault maps discovered:
D:1:      roderic_dead_forest, layout_loops_ring, kennysheep_crisscross
D:2:      layout_loops_corners, first_ration
D:3:      layout_basic, ebering_ghost_disaster_area

Skill      XL: |  1  2  3 |
---------------+----------+-----
Dodging        | 3 |  3.0
Fighting       | |  2.8
Stealth        | |  1.2
Unarmed Combat | |  3.6

Action                   || total
-------------------------++-------
Melee: Unarmed           ||    91
       Punch             ||     3
 Stab: Sleeping          ||     6
  Eat: Chunk             ||    14
Armor: Robe              ||    49
Dodge: Dodged            ||    58
